Toronto St Pats vs Kelowna Rockets
Created - Wednesday, March 6, 2024 at 07:03
Goals
|
| Toronto St Pats |
0 |
1 |
3 |
4 |
| Kelowna Rockets |
0 |
0 |
2 |
2 |
|
Shots
|
| Toronto St Pats |
4 |
11 |
18 |
33 |
| Kelowna Rockets |
5 |
1 |
14 |
20 |
|
1st period
No Goal
Penalties :
Austin Watson (TSP) for Hooking (Minor) at 0:13, Sean Walker (TSP) for Interference (Minor) at 8:42
2nd period
1. Toronto St Pats , Filip Hallander 7 (Nick Cousins 20, William Lockwood 13) at 0:45
Penalties :
Riley Nash (KEL) for Hooking (Minor) at 2:09, Austin Watson (TSP) for Interference (Minor) at 16:38
3rd period
2. Kelowna Rockets , Joel Kiviranta 7 (Henri Nikkanen 1) at 12:17
3. Kelowna Rockets , Riley Nash 16 (Joel Kiviranta 9) at 13:25 (PP)
4. Toronto St Pats , Austin Watson 11 (Sean Walker 13, Sheldon Dries 10) at 14:12 (PP)
5. Toronto St Pats , Filip Hallander 8 (Brendan Brisson 7, Connor Dewar 11) at 17:51 (PP)
6. Toronto St Pats , Connor Dewar 17 (Pierre-Olivier Joseph 16, Corey Andonovski 9) at 18:09
Penalties :
Lucas Carlsson (TSP) for Hooking (Minor) at 4:33, Sean Walker (TSP) for Tripping (Minor) at 12:44, Jacob Perreault (KEL) for High sticking (Minor) at 14:06, Jacob Perreault (KEL) for Fighting (Major) at 14:50, Austin Watson (TSP) for Fighting (Major) at 14:50, Lucas Johansen (KEL) for Tripping (Minor) at 17:36
Goalie Stats
Cal Petersen (TSP), 18 saves from 20 shots - (0.900), W, 17-3-0, 60:00 minutes
Arvid Holm (KEL), 29 saves from 33 shots - (0.879), L, 9-7-4, 60:00 minutes
Players Stats for Toronto St Pats
Player Name G A P +/- PIM S H SB GA TA FO MP PP MP PK MP
------------------------------------------------------------------------------------
Austin Watson 1 0 1 -1 9 4 1 0 0 0 1/2 16:17 1:05 2:16
Brendan Brisson 0 1 1 0 0 3 2 0 0 0 0/0 11:12 1:15 0:00
Connor Dewar 1 1 2 1 0 2 3 0 0 0 0/0 16:59 1:06 4:12
Corey Andonovski 0 1 1 1 0 1 1 0 0 0 0/1 12:52 0:00 1:18
Filip Hallander 2 0 2 1 0 4 2 0 0 0 9/15 18:32 1:15 4:12
Jake Leschyshyn 0 0 0 1 0 3 1 1 0 0 6/8 13:29 0:09 0:13
Lassi Thomson 0 0 0 0 0 0 2 0 0 0 0/0 20:53 1:16 4:15
Lucas Carlsson 0 0 0 0 2 0 3 1 0 1 0/0 20:26 1:16 3:31
Nick Cousins 0 1 1 1 0 2 1 1 0 0 2/2 13:47 0:00 0:10
Nicolas Beaudin 0 0 0 0 0 0 3 0 0 0 0/0 14:32 0:00 0:47
Pierre-Olivier Joseph 0 1 1 1 0 2 3 1 0 1 0/0 25:13 1:04 4:01
Quinton Byfield 0 0 0 -1 0 2 6 0 0 0 1/1 14:59 1:05 0:55
Riley Damiani 0 0 0 0 0 2 2 0 0 0 2/3 11:09 0:00 0:00
Scott Perunovich 0 0 0 0 0 1 1 0 0 1 0/0 15:23 0:00 1:56
Sean Walker 0 1 1 1 4 3 0 0 1 0 0/0 24:00 1:04 2:44
Sheldon Dries 0 1 1 -1 0 0 2 1 1 0 7/14 18:32 1:05 3:58
Ville Koivunen 0 0 0 0 0 0 4 0 0 0 0/0 9:57 0:00 0:00
William Lockwood 0 1 1 1 0 4 3 0 0 0 0/0 13:05 0:00 0:00
Players Stats for Kelowna Rockets
Player Name G A P +/- PIM S H SB GA TA FO MP PP MP PK MP
------------------------------------------------------------------------------------
Anttoni Honka 0 0 0 -1 0 1 1 1 0 0 0/0 25:10 4:17 0:50
Bobby McMann 0 0 0 0 0 3 4 0 0 0 0/0 19:10 4:02 0:59
Connor Zary 0 0 0 -1 0 0 4 0 0 0 3/5 13:59 0:00 0:00
Eemil Viro 0 0 0 0 0 0 0 1 0 0 0/0 14:21 0:00 0:00
Henri Nikkanen 0 1 1 1 0 0 0 0 0 0 0/0 4:10 0:12 0:00
Jack Drury 0 0 0 0 0 4 2 1 0 0 8/14 18:07 4:00 0:00
Jacob Perreault 0 0 0 0 7 1 2 0 0 0 0/0 17:19 4:02 0:00
Jasper Weatherby 0 0 0 1 0 0 2 0 0 0 1/1 6:23 0:15 0:37
Joel Kiviranta 1 1 2 1 0 3 1 2 0 0 0/2 17:49 4:23 1:07
Kim Nousiainen 0 0 0 0 0 0 0 1 0 0 0/0 14:21 0:00 0:00
Lucas Johansen 0 0 0 0 2 1 0 2 1 0 0/0 20:28 4:20 1:30
Matias Maccelli 0 0 0 -1 0 3 0 1 2 0 0/2 22:05 4:23 1:02
Mavrik Bourque 0 0 0 -1 0 0 1 0 0 0 3/5 7:48 0:00 0:00
Maxence Guenette 0 0 0 -1 0 2 4 4 0 0 0/0 25:10 4:17 0:50
Nicholas Caamano 0 0 0 -1 0 0 1 1 0 0 0/1 14:11 0:11 0:00
Oskari Laaksonen 0 0 0 0 0 0 2 1 0 0 0/0 20:29 4:20 1:30
Riley Nash 1 0 1 -1 2 1 1 0 0 0 3/15 21:32 4:23 0:00
Roby Jarventie 0 0 0 -1 0 1 3 0 0 2 0/1 15:04 0:00 0:55
3 Stars
1 - Filip Hallander (TSP)
2 - Connor Dewar (TSP)
3 - Joel Kiviranta (KEL)
Power Play
Toronto St Pats - 2 on 3 Attempt(s) - 66.67%
Kelowna Rockets - 1 on 5 Attempt(s) - 20.00%
Penalty Kill
Toronto St Pats - 4 on 5 Attempt(s) - 80.00%
- Score 0 goal in Penalty Kill
Kelowna Rockets - 1 on 3 Attempt(s) - 33.33%
- Score 0 goal in Penalty Kill
Team Stat
Toronto St Pats - Hits : 40 - Faceoff Wins : 28 - Blocked Shots : 5 - Penalty Minutes : 15
Kelowna Rockets - Hits : 28 - Faceoff Wins : 18 - Blocked Shots : 15 - Penalty Minutes : 11
Official
Referees : Dan O'Rourke and Jacob Brenk
Linesman : Mark Shewchyk and Lonnie Cameron
Game Notes
Jacob Perreault and Austin Watson fight to a draw at 14:50 of 3rd period
Toronto St Pats
5 vs 5 Forward
Center Left Wing Right Wing Time % Phy DF OF
1 Sheldon Dries Quinton Byfield Austin Watson 30 1 2 2
2 Filip Hallander Nick Cousins William Lockwood 30 1 2 2
3 Jake Leschyshyn Connor Dewar Corey Andonovski 25 1 2 2
4 Riley Damiani Brendan Brisson Ville Koivunen 15 1 2 2
5 vs 5 Defense
Defense Defense Time % Phy DF OF
1 Sean Walker Pierre-Olivier Joseph 30 1 2 2
2 Lucas Carlsson Lassi Thomson 30 1 2 2
3 Nicolas Beaudin Scott Perunovich 25 1 2 2
4 Sean Walker Pierre-Olivier Joseph 15 1 2 2
PowerPlay Forward
Center Left Wing Right Wing Time % Phy DF OF
1 Sheldon Dries Quinton Byfield Austin Watson 50 1 2 2
2 Filip Hallander Connor Dewar Brendan Brisson 50 1 2 2
PowerPlay Defense
Defense Defense Time % Phy DF OF
1 Sean Walker Pierre-Olivier Joseph 50 1 2 2
2 Lucas Carlsson Lassi Thomson 50 1 2 2
Penalty Kill 4 Players Forward
Center Wing Time % Phy DF OF
1 Sheldon Dries Austin Watson 50 1 2 2
2 Filip Hallander Connor Dewar 50 1 2 2
Penalty Kill 4 Players Defense
Defense Defense Time % Phy DF OF
1 Sean Walker Pierre-Olivier Joseph 50 1 2 2
2 Lucas Carlsson Lassi Thomson 50 1 2 2
Penalty Kill - 3 Players Forward
Forward Time % Phy DF OF
1 Sheldon Dries 50 1 2 2
2 Filip Hallander 50 1 2 2
Penalty Kill - 3 Players Defense
Defense Defense Time % Phy DF OF
1 Sean Walker Pierre-Olivier Joseph 50 1 2 2
2 Lucas Carlsson Lassi Thomson 50 1 2 2
4 vs 4 Forward
Center Wing Time % Phy DF OF
1 Sheldon Dries Quinton Byfield 50 1 2 2
2 Filip Hallander Austin Watson 50 1 2 2
4 vs 4 Defense
Defense Defense Time % Phy DF OF
1 Sean Walker Pierre-Olivier Joseph 50 1 2 2
2 Lucas Carlsson Lassi Thomson 50 1 2 2
Last Minutes Offensive
Center Left Wing Right Wing Defense Defense
Sheldon Dries Quinton Byfield Austin Watson Sean Walker Pierre-Olivier Joseph
Last Minutes Defensive
Center Left Wing Right Wing Defense Defense
Filip Hallander Austin Watson William Lockwood Sean Walker Pierre-Olivier Joseph
Goaltenders
Starting : Cal Petersen
Backup : Hugo Alnefelt
Extra Forwards
Normal : Jake Leschyshyn, Riley Damiani, Corey Andonovski - PP : Jake Leschyshyn, Riley Damiani - PK : Corey Andonovski
Extra Defensemen
Normal : Nicolas Beaudin, Scott Perunovich, Lucas Carlsson - PP : Nicolas Beaudin - PK : Scott Perunovich, Lucas Carlsson
Penalty Shots
Quinton Byfield, Austin Watson, Nick Cousins, Sheldon Dries, Connor Dewar
Kelowna Rockets
5 vs 5 Forward
Center Left Wing Right Wing Time % Phy DF OF
1 Riley Nash Matias Maccelli Joel Kiviranta 30 1 2 2
2 Jack Drury Bobby McMann Jacob Perreault 30 1 2 2
3 Connor Zary Roby Jarventie Nicholas Caamano 25 1 2 2
4 Mavrik Bourque Riley Nash Matias Maccelli 15 1 2 2
5 vs 5 Defense
Defense Defense Time % Phy DF OF
1 Maxence Guenette Anttoni Honka 30 1 2 2
2 Lucas Johansen Oskari Laaksonen 30 1 2 2
3 Eemil Viro Kim Nousiainen 25 1 2 2
4 Maxence Guenette Anttoni Honka 15 1 2 2
PowerPlay Forward
Center Left Wing Right Wing Time % Phy DF OF
1 Riley Nash Matias Maccelli Joel Kiviranta 50 1 2 2
2 Jack Drury Bobby McMann Jacob Perreault 50 1 2 2
PowerPlay Defense
Defense Defense Time % Phy DF OF
1 Maxence Guenette Anttoni Honka 50 1 2 2
2 Lucas Johansen Oskari Laaksonen 50 1 2 2
Penalty Kill 4 Players Forward
Center Wing Time % Phy DF OF
1 Riley Nash Matias Maccelli 50 1 2 2
2 Joel Kiviranta Bobby McMann 50 1 2 2
Penalty Kill 4 Players Defense
Defense Defense Time % Phy DF OF
1 Maxence Guenette Anttoni Honka 50 1 2 2
2 Lucas Johansen Oskari Laaksonen 50 1 2 2
Penalty Kill - 3 Players Forward
Forward Time % Phy DF OF
1 Riley Nash 50 1 2 2
2 Matias Maccelli 50 1 2 2
Penalty Kill - 3 Players Defense
Defense Defense Time % Phy DF OF
1 Maxence Guenette Anttoni Honka 50 1 2 2
2 Lucas Johansen Oskari Laaksonen 50 1 2 2
4 vs 4 Forward
Center Wing Time % Phy DF OF
1 Riley Nash Matias Maccelli 50 1 2 2
2 Joel Kiviranta Bobby McMann 50 1 2 2
4 vs 4 Defense
Defense Defense Time % Phy DF OF
1 Maxence Guenette Anttoni Honka 50 1 2 2
2 Lucas Johansen Oskari Laaksonen 50 1 2 2
Last Minutes Offensive
Center Left Wing Right Wing Defense Defense
Riley Nash Matias Maccelli Joel Kiviranta Maxence Guenette Anttoni Honka
Last Minutes Defensive
Center Left Wing Right Wing Defense Defense
Riley Nash Matias Maccelli Joel Kiviranta Maxence Guenette Anttoni Honka
Goaltenders
Starting : Arvid Holm
Backup : Eetu Makiniemi
Extra Forwards
Normal : Jasper Weatherby, Henri Nikkanen, Roby Jarventie - PP : Jasper Weatherby, Henri Nikkanen - PK : Roby Jarventie
Extra Defensemen
Normal : Eemil Viro, Kim Nousiainen, Lucas Johansen - PP : Eemil Viro - PK : Kim Nousiainen, Lucas Johansen
Penalty Shots
Riley Nash, Matias Maccelli, Joel Kiviranta, Bobby McMann, Roby Jarventie
% Time on Ice - Toronto St Pats
Lines # - Real PCT - Wanted PCT - Time Play
Normal Forward
1 - 29% - 30% - 14:01
2 - 28% - 30% - 13:31
3 - 24% - 25% - 11:34
4 - 20% - 15% - 9:57
Normal Defense
1 - 31% - 30% - 15:02
2 - 31% - 30% - 15:26
3 - 26% - 25% - 12:55
4 - 12% - 15% - 5:40
PP Forward
1 - 46% - 50% - 1:05
2 - 54% - 50% - 1:15
PP Defense
1 - 46% - 50% - 1:04
2 - 54% - 50% - 1:16
PK Forward
1 - 51% - 50% - 4:25
2 - 49% - 50% - 4:12
PK Defense
1 - 49% - 50% - 4:15
2 - 51% - 50% - 4:22
PK3 Forward
1 - 0% - 50%
2 - 0% - 50%
PK3 Defense
1 - 0% - 50%
2 - 0% - 50%
44 Forward
1 - 0% - 50%
2 - 0% - 50%
44 Defense
1 - 0% - 50%
2 - 0% - 50%
Last Minute Offensive - 0:00
Last Minute Defensive - 0:00
Total
Forward - 60:00
Defense - 60:00
|
% Time on Ice - Kelowna Rockets
Lines # - Real PCT - Wanted PCT - Time Play
Normal Forward
1 - 25% - 30% - 12:04
2 - 31% - 30% - 15:12
3 - 29% - 25% - 13:59
4 - 16% - 15% - 7:48
Normal Defense
1 - 30% - 30% - 14:41
2 - 30% - 30% - 14:39
3 - 29% - 25% - 14:21
4 - 11% - 15% - 5:22
PP Forward
1 - 51% - 50% - 4:23
2 - 49% - 50% - 4:14
PP Defense
1 - 50% - 50% - 4:17
2 - 50% - 50% - 4:20
PK Forward
1 - 58% - 50% - 1:21
2 - 42% - 50% - 0:59
PK Defense
1 - 36% - 50% - 0:50
2 - 64% - 50% - 1:30
PK3 Forward
1 - 0% - 50%
2 - 0% - 50%
PK3 Defense
1 - 0% - 50%
2 - 0% - 50%
44 Forward
1 - 0% - 50%
2 - 0% - 50%
44 Defense
1 - 0% - 50%
2 - 0% - 50%
Last Minute Offensive - 0:00
Last Minute Defensive - 0:00
Total
Forward - 60:00
Defense - 60:00
|
Play-by-Play
1st period
0:01 of 1st period - Sheldon Dries wins face-off versus Riley Nash in neutral zone.
0:13 of 1st period - Minor Penalty to Austin Watson for Hooking.
0:14 of 1st period - Riley Nash wins face-off versus Sheldon Dries in Toronto St Pats zone.
0:16 of 1st period - Wrist shot by Riley Nash.
0:16 of 1st period - Shot Misses the Net.
0:18 of 1st period - Snap shot by Joel Kiviranta.
0:18 of 1st period - Shot Blocked by Pierre-Olivier Joseph.
0:20 of 1st period - Slapshot by Anttoni Honka.
0:20 of 1st period - Stopped by Cal Petersen without a rebound.
0:21 of 1st period - Sheldon Dries wins face-off versus Riley Nash in Toronto St Pats zone.
1:37 of 1st period - Off-side.
1:38 of 1st period - Jack Drury wins face-off versus Sheldon Dries in neutral zone.
1:45 of 1st period - Snap shot by Bobby McMann.
1:45 of 1st period - Shot Blocked by Sheldon Dries.
1:47 of 1st period - Wrist shot by Jacob Perreault.
1:47 of 1st period - Stopped by Cal Petersen without a rebound.
1:48 of 1st period - Jack Drury wins face-off versus Filip Hallander in Toronto St Pats zone.
1:51 of 1st period - Wrist shot by Jack Drury.
1:51 of 1st period - Stopped by Cal Petersen without a rebound.
1:52 of 1st period - Jack Drury wins face-off versus Filip Hallander in Toronto St Pats zone.
1:59 of 1st period - Slapshot by Jack Drury.
1:59 of 1st period - Stopped by Cal Petersen with a rebound.
2:13 of 1st period - Penalty to Austin Watson is over, Austin Watson is back on ice.
2:23 of 1st period - Connor Dewar is hit by Roby Jarventie and loses puck.
2:32 of 1st period - Slapshot by Austin Watson.
2:32 of 1st period - Stopped by Arvid Holm with a rebound.
2:57 of 1st period - Joel Kiviranta is hit by Nicolas Beaudin and loses puck.
3:13 of 1st period - Snap shot by Bobby McMann.
3:13 of 1st period - Shot Misses the Net.
3:41 of 1st period - Oskari Laaksonen is hit by Nicolas Beaudin and loses puck.
4:01 of 1st period - Off-side.
4:02 of 1st period - Filip Hallander wins face-off versus Connor Zary in neutral zone.
4:12 of 1st period - Snap shot by Filip Hallander.
4:12 of 1st period - Stopped by Arvid Holm with a rebound.
4:27 of 1st period - Austin Watson is hit by Bobby McMann and loses puck.
5:04 of 1st period - Connor Dewar is hit by Roby Jarventie and loses puck.
6:41 of 1st period - Wrist shot by Brendan Brisson.
6:41 of 1st period - Shot Blocked by Maxence Guenette.
6:43 of 1st period - Slapshot by Scott Perunovich.
6:43 of 1st period - Stopped by Arvid Holm with a rebound.
7:26 of 1st period - Oskari Laaksonen is hit by Quinton Byfield and loses puck.
8:08 of 1st period - Icing by Lucas Carlsson.
8:09 of 1st period - Riley Damiani wins face-off versus Nicholas Caamano in Toronto St Pats zone.
8:14 of 1st period - Snap shot by Brendan Brisson.
8:14 of 1st period - Stopped by Arvid Holm with a rebound.
8:27 of 1st period - Off-side.
8:28 of 1st period - Jack Drury wins face-off versus Jake Leschyshyn in neutral zone.
8:42 of 1st period - Minor Penalty to Sean Walker for Interference.
8:43 of 1st period - Jack Drury wins face-off versus Sheldon Dries in Toronto St Pats zone.
8:59 of 1st period - Pierre-Olivier Joseph is hit by Bobby McMann and loses puck.
9:32 of 1st period - Connor Dewar is hit by Jack Drury and loses puck.
10:42 of 1st period - Penalty to Sean Walker is over, Sean Walker is back on ice.
10:45 of 1st period - Nicholas Caamano is hit by Pierre-Olivier Joseph and loses puck.
11:00 of 1st period - Jasper Weatherby is hit by Riley Damiani and loses puck.
11:11 of 1st period - Nicholas Caamano is hit by William Lockwood.
11:15 of 1st period - Nick Cousins is hit by Nicholas Caamano and loses puck.
11:50 of 1st period - Riley Nash is hit by Lassi Thomson.
12:07 of 1st period - Bobby McMann is hit by Filip Hallander and loses puck.
13:03 of 1st period - Bobby McMann is hit by Ville Koivunen and loses puck.
13:47 of 1st period - Maxence Guenette is hit by Brendan Brisson.
14:41 of 1st period - Slapshot by Anttoni Honka.
14:41 of 1st period - Shot Blocked by Jake Leschyshyn.
16:07 of 1st period - Corey Andonovski is hit by Roby Jarventie and loses puck.
17:34 of 1st period - Matias Maccelli is hit by William Lockwood and loses puck.
17:39 of 1st period - Slapshot by Filip Hallander.
17:39 of 1st period - Shot Misses the Net.
17:49 of 1st period - Austin Watson is hit by Connor Zary and loses puck.
18:10 of 1st period - Nicholas Caamano is hit by Lucas Carlsson and loses puck.
18:17 of 1st period - Connor Zary is hit by Ville Koivunen.
18:56 of 1st period - Lucas Johansen is hit by Connor Dewar and loses puck.
19:09 of 1st period - Bobby McMann is hit by Quinton Byfield and loses puck.
19:23 of 1st period - Quinton Byfield is hit by Jacob Perreault and loses puck.
19:30 of 1st period - Bobby McMann is hit by Sheldon Dries.
19:34 of 1st period - Jack Drury is hit by Quinton Byfield.
19:38 of 1st period - Snap shot by Bobby McMann.
19:38 of 1st period - Shot Misses the Net.
19:40 of 1st period - Snap shot by Jack Drury.
19:40 of 1st period - Stopped by Cal Petersen without a rebound.
19:41 of 1st period - Filip Hallander wins face-off versus Connor Zary in Toronto St Pats zone.
19:46 of 1st period - Nicholas Caamano is hit by William Lockwood and loses puck.
Goals for this period are 0 for Toronto St Pats vs 0 for Kelowna Rockets.
Shots for this period are 4 for Toronto St Pats vs 5 for Kelowna Rockets.
2nd period
0:01 of 2nd period - Filip Hallander wins face-off versus Riley Nash in neutral zone.
0:10 of 2nd period - Wrist shot by Riley Nash.
0:10 of 2nd period - Shot Blocked by Nick Cousins.
0:26 of 2nd period - Pierre-Olivier Joseph is hit by Maxence Guenette and loses puck.
0:37 of 2nd period - Snap shot by Filip Hallander.
0:37 of 2nd period - Shot Misses the Net.
0:39 of 2nd period - Snap shot by Lucas Carlsson.
0:39 of 2nd period - Shot Blocked by Nicholas Caamano.
0:41 of 2nd period - Snap shot by William Lockwood.
0:41 of 2nd period - Stopped by Arvid Holm with a rebound.
0:43 of 2nd period - Wrist shot by Nick Cousins.
0:43 of 2nd period - Shot Blocked by Maxence Guenette.
0:45 of 2nd period - Snap shot by Filip Hallander.
0:45 of 2nd period - Goal by Filip Hallander - Toronto St Pats : 1 - Kelowna Rockets : 0.
0:46 of 2nd period - Sheldon Dries wins face-off versus Riley Nash in neutral zone.
0:49 of 2nd period - Slapshot by Pierre-Olivier Joseph.
0:49 of 2nd period - Shot Blocked by Matias Maccelli.
0:51 of 2nd period - Snap shot by Quinton Byfield.
0:51 of 2nd period - Shot Blocked by Joel Kiviranta.
0:53 of 2nd period - Wrist shot by Austin Watson.
0:53 of 2nd period - Stopped by Arvid Holm with a rebound.
0:55 of 2nd period - Slapshot by Sean Walker.
0:55 of 2nd period - Shot Hit the Post.
1:11 of 2nd period - Connor Dewar is hit by Jacob Perreault and loses puck.
1:38 of 2nd period - Backhand shot by Filip Hallander.
1:38 of 2nd period - Stopped by Arvid Holm with a rebound.
1:40 of 2nd period - Slapshot by Nick Cousins.
1:40 of 2nd period - Stopped by Arvid Holm with a rebound.
1:42 of 2nd period - Snap shot by William Lockwood.
1:42 of 2nd period - Stopped by Arvid Holm with a rebound.
1:44 of 2nd period - Snap shot by Pierre-Olivier Joseph.
1:44 of 2nd period - Shot Blocked by Maxence Guenette.
2:09 of 2nd period - Minor Penalty to Riley Nash for Hooking.
2:10 of 2nd period - Sheldon Dries wins face-off versus Roby Jarventie in Kelowna Rockets zone.
3:16 of 2nd period - Filip Hallander is hit by Bobby McMann and loses puck.
4:09 of 2nd period - Penalty to Riley Nash is over, Riley Nash is back on ice.
4:15 of 2nd period - Bobby McMann is hit by Jake Leschyshyn.
4:23 of 2nd period - Jacob Perreault is hit by Nicolas Beaudin and loses puck.
4:34 of 2nd period - Scott Perunovich is hit by Connor Zary and loses puck.
5:13 of 2nd period - Quinton Byfield is hit by Jack Drury and loses puck.
5:41 of 2nd period - Connor Zary is hit by Filip Hallander and loses puck.
5:58 of 2nd period - Anttoni Honka is hit by Riley Damiani.
7:22 of 2nd period - Sean Walker is hit by Maxence Guenette.
7:42 of 2nd period - Riley Nash is hit by Quinton Byfield.
7:52 of 2nd period - Oskari Laaksonen is hit by Ville Koivunen.
8:44 of 2nd period - Joel Kiviranta is hit by Sheldon Dries and loses puck.
9:03 of 2nd period - Maxence Guenette is hit by Connor Dewar and loses puck.
11:14 of 2nd period - Snap shot by Brendan Brisson.
11:14 of 2nd period - Shot Misses the Net.
11:16 of 2nd period - Wrist shot by Riley Damiani.
11:16 of 2nd period - Shot Blocked by Eemil Viro.
11:18 of 2nd period - Wrist shot by Riley Damiani.
11:18 of 2nd period - Shot Misses the Net.
11:20 of 2nd period - Slapshot by Lassi Thomson.
11:20 of 2nd period - Shot Blocked by Kim Nousiainen.
11:22 of 2nd period - Snap shot by Brendan Brisson.
11:22 of 2nd period - Shot Blocked by Jack Drury.
11:38 of 2nd period - Nicholas Caamano is hit by Lucas Carlsson and loses puck.
12:17 of 2nd period - Anttoni Honka is hit by Brendan Brisson and loses puck.
13:16 of 2nd period - Lucas Johansen is hit by Austin Watson and loses puck.
13:57 of 2nd period - Lucas Carlsson is hit by Jasper Weatherby and loses puck.
14:37 of 2nd period - Quinton Byfield is hit by Maxence Guenette and loses puck.
14:50 of 2nd period - Anttoni Honka is hit by Ville Koivunen and loses puck.
15:17 of 2nd period - Slapshot by Lassi Thomson.
15:17 of 2nd period - Shot Misses the Net.
15:33 of 2nd period - Lassi Thomson is hit by Oskari Laaksonen and loses puck.
16:03 of 2nd period - Riley Nash is hit by Connor Dewar and loses puck.
16:08 of 2nd period - Snap shot by Jake Leschyshyn.
16:08 of 2nd period - Stopped by Arvid Holm without a rebound.
16:09 of 2nd period - Jake Leschyshyn wins face-off versus Jack Drury in Kelowna Rockets zone.
16:14 of 2nd period - Snap shot by Connor Dewar.
16:14 of 2nd period - Stopped by Arvid Holm without a rebound.
16:15 of 2nd period - Sheldon Dries wins face-off versus Jack Drury in Kelowna Rockets zone.
16:16 of 2nd period - Wrist shot by Quinton Byfield.
16:16 of 2nd period - Stopped by Arvid Holm without a rebound.
16:17 of 2nd period - Austin Watson wins face-off versus Jack Drury in Kelowna Rockets zone.
16:20 of 2nd period - Wrist shot by Quinton Byfield.
16:20 of 2nd period - Stopped by Arvid Holm with a rebound.
16:38 of 2nd period - Minor Penalty to Austin Watson for Interference.
16:39 of 2nd period - Sheldon Dries wins face-off versus Jack Drury in Toronto St Pats zone.
16:55 of 2nd period - Slapshot by Lucas Johansen.
16:55 of 2nd period - Stopped by Cal Petersen with a rebound.
17:05 of 2nd period - Lassi Thomson is hit by Joel Kiviranta and loses puck.
18:38 of 2nd period - Penalty to Austin Watson is over, Austin Watson is back on ice.
19:09 of 2nd period - Wrist shot by Austin Watson.
19:09 of 2nd period - Stopped by Arvid Holm without a rebound.
19:10 of 2nd period - Connor Zary wins face-off versus Riley Damiani in Kelowna Rockets zone.
19:33 of 2nd period - Scott Perunovich is hit by Mavrik Bourque and loses puck.
Goals for this period are 1 for Toronto St Pats vs 0 for Kelowna Rockets.
Shots for this period are 11 for Toronto St Pats vs 1 for Kelowna Rockets.
3rd period
0:01 of 3rd period - Riley Nash wins face-off versus Filip Hallander in neutral zone.
0:06 of 3rd period - Slapshot by Matias Maccelli.
0:06 of 3rd period - Stopped by Cal Petersen with a rebound.
0:12 of 3rd period - Wrist shot by Nick Cousins.
0:12 of 3rd period - Shot Blocked by Joel Kiviranta.
0:14 of 3rd period - Slapshot by Pierre-Olivier Joseph.
0:14 of 3rd period - Shot Blocked by Anttoni Honka.
0:16 of 3rd period - Snap shot by Nick Cousins.
0:16 of 3rd period - Shot Misses the Net.
0:59 of 3rd period - Wrist shot by Roby Jarventie.
0:59 of 3rd period - Deflect By Connor Zary.
0:59 of 3rd period - Shot Blocked by Lucas Carlsson.
0:59 of 3rd period - Puck is out of play.
1:00 of 3rd period - Filip Hallander wins face-off versus Riley Nash in Toronto St Pats zone.
1:00 of 3rd period - Filip Hallander is hit by Oskari Laaksonen.
1:05 of 3rd period - Icing by Sean Walker.
1:06 of 3rd period - Filip Hallander wins face-off versus Riley Nash in Toronto St Pats zone.
1:13 of 3rd period - Slapshot by Nick Cousins.
1:13 of 3rd period - Shot Blocked by Lucas Johansen.
1:15 of 3rd period - Snap shot by Nick Cousins.
1:15 of 3rd period - Stopped by Arvid Holm with a rebound.
1:17 of 3rd period - Slapshot by Sean Walker.
1:17 of 3rd period - Shot Blocked by Lucas Johansen.
1:19 of 3rd period - Slapshot by Sean Walker.
1:19 of 3rd period - Stopped by Arvid Holm with a rebound.
1:30 of 3rd period - Off-side.
1:31 of 3rd period - Jack Drury wins face-off versus Sheldon Dries in neutral zone.
1:34 of 3rd period - Slapshot by Maxence Guenette.
1:34 of 3rd period - Stopped by Cal Petersen with a rebound.
1:46 of 3rd period - Snap shot by Bobby McMann.
1:46 of 3rd period - Stopped by Cal Petersen with a rebound.
2:35 of 3rd period - Icing by Jake Leschyshyn.
2:36 of 3rd period - Jake Leschyshyn wins face-off versus Jack Drury in Toronto St Pats zone.
2:36 of 3rd period - Jake Leschyshyn is hit by Bobby McMann.
3:04 of 3rd period - Snap shot by Brendan Brisson.
3:04 of 3rd period - Deflect By Riley Damiani.
3:04 of 3rd period - Stopped by Arvid Holm without a rebound.
3:05 of 3rd period - Riley Damiani wins face-off versus Riley Nash in Kelowna Rockets zone.
3:06 of 3rd period - Wrist shot by Brendan Brisson.
3:06 of 3rd period - Shot Misses the Net.
3:08 of 3rd period - Wrist shot by Brendan Brisson.
3:08 of 3rd period - Shot Misses the Net.
3:10 of 3rd period - Slapshot by Riley Damiani.
3:10 of 3rd period - Deflect By Brendan Brisson.
3:10 of 3rd period - Stopped by Arvid Holm with a rebound.
3:12 of 3rd period - Slapshot by Scott Perunovich.
3:12 of 3rd period - Deflect By Brendan Brisson.
3:12 of 3rd period - Stopped by Arvid Holm without a rebound.
3:13 of 3rd period - Filip Hallander wins face-off versus Riley Nash in Kelowna Rockets zone.
4:08 of 3rd period - Snap shot by Jake Leschyshyn.
4:08 of 3rd period - Stopped by Arvid Holm with a rebound.
4:10 of 3rd period - Snap shot by Connor Dewar.
4:10 of 3rd period - Shot Blocked by Maxence Guenette.
4:20 of 3rd period - Brendan Brisson is hit by Maxence Guenette and loses puck.
4:33 of 3rd period - Minor Penalty to Lucas Carlsson for Hooking.
4:34 of 3rd period - Jack Drury wins face-off versus Filip Hallander in Toronto St Pats zone.
4:37 of 3rd period - Slapshot by Bobby McMann.
4:37 of 3rd period - Stopped by Cal Petersen with a rebound.
5:20 of 3rd period - Backhand shot by Austin Watson.
5:20 of 3rd period - Shot Misses the Net.
6:33 of 3rd period - Penalty to Lucas Carlsson is over, Lucas Carlsson is back on ice.
6:42 of 3rd period - Maxence Guenette is hit by Lucas Carlsson and loses puck.
7:08 of 3rd period - Sean Walker is hit by Riley Nash and loses puck.
9:06 of 3rd period - Riley Nash is hit by Quinton Byfield and loses puck.
10:03 of 3rd period - Lucas Carlsson is hit by Connor Zary and loses puck.
10:40 of 3rd period - Matias Maccelli is hit by Lassi Thomson and loses puck.
11:02 of 3rd period - Sheldon Dries is hit by Jasper Weatherby.
11:06 of 3rd period - Lassi Thomson is hit by Connor Zary and loses puck.
11:25 of 3rd period - Oskari Laaksonen is hit by Scott Perunovich and loses puck.
12:13 of 3rd period - Snap shot by Joel Kiviranta.
12:13 of 3rd period - Shot Misses the Net.
12:15 of 3rd period - Slapshot by Joel Kiviranta.
12:15 of 3rd period - Stopped by Cal Petersen with a rebound.
12:17 of 3rd period - Snap shot by Joel Kiviranta.
12:17 of 3rd period - Goal by Joel Kiviranta - Toronto St Pats : 1 - Kelowna Rockets : 1.
12:18 of 3rd period - Nick Cousins wins face-off versus Riley Nash in neutral zone.
12:44 of 3rd period - Minor Penalty to Sean Walker for Tripping.
12:45 of 3rd period - Filip Hallander wins face-off versus Jack Drury in Toronto St Pats zone.
12:54 of 3rd period - Snap shot by Bobby McMann.
12:54 of 3rd period - Stopped by Cal Petersen with a rebound.
12:56 of 3rd period - Wrist shot by Jack Drury.
12:56 of 3rd period - Stopped by Cal Petersen with a rebound.
12:58 of 3rd period - Slapshot by Maxence Guenette.
12:58 of 3rd period - Shot Misses the Net.
13:00 of 3rd period - Snap shot by Jacob Perreault.
13:00 of 3rd period - Shot Misses the Net.
13:15 of 3rd period - Wrist shot by Matias Maccelli.
13:15 of 3rd period - Stopped by Cal Petersen without a rebound.
13:16 of 3rd period - Sheldon Dries wins face-off versus Riley Nash in Toronto St Pats zone.
13:25 of 3rd period - Snap shot by Riley Nash.
13:25 of 3rd period - Goal by Riley Nash - Toronto St Pats : 1 - Kelowna Rockets : 2.
13:26 of 3rd period - Filip Hallander wins face-off versus Riley Nash in neutral zone.
14:06 of 3rd period - Minor Penalty to Jacob Perreault for High sticking.
14:07 of 3rd period - Quinton Byfield wins face-off versus Joel Kiviranta in Kelowna Rockets zone.
14:08 of 3rd period - Slapshot by Sheldon Dries.
14:08 of 3rd period - Shot Misses the Net.
14:10 of 3rd period - Slapshot by Sean Walker.
14:10 of 3rd period - Shot Blocked by Oskari Laaksonen.
14:12 of 3rd period - Wrist shot by Austin Watson.
14:12 of 3rd period - Goal by Austin Watson - Toronto St Pats : 2 - Kelowna Rockets : 2.
14:13 of 3rd period - Riley Nash wins face-off versus Filip Hallander in neutral zone.
14:18 of 3rd period - Slapshot by Joel Kiviranta.
14:18 of 3rd period - Stopped by Cal Petersen with a rebound.
14:26 of 3rd period - Joel Kiviranta is hit by Pierre-Olivier Joseph and loses puck.
14:43 of 3rd period - Wrist shot by Bobby McMann.
14:43 of 3rd period - Deflect By Jack Drury.
14:43 of 3rd period - Shot Misses the Net.
14:43 of 3rd period - Puck is out of play.
14:44 of 3rd period - Jack Drury wins face-off versus Austin Watson in Toronto St Pats zone.
14:50 of 3rd period - Jacob Perreault and Austin Watson fight to a draw.
14:50 of 3rd period - Penalty to Jacob Perreault for Fighting.
14:50 of 3rd period - Penalty to Austin Watson for Fighting.
14:51 of 3rd period - Nick Cousins wins face-off versus Matias Maccelli in Toronto St Pats zone.
15:02 of 3rd period - Slapshot by William Lockwood.
15:02 of 3rd period - Stopped by Arvid Holm with a rebound.
15:16 of 3rd period - Matias Maccelli is hit by Pierre-Olivier Joseph and loses puck.
16:02 of 3rd period - Slapshot by William Lockwood.
16:02 of 3rd period - Stopped by Arvid Holm with a rebound.
16:43 of 3rd period - Icing by Bobby McMann.
16:44 of 3rd period - Jasper Weatherby wins face-off versus Sheldon Dries in Kelowna Rockets zone.
17:02 of 3rd period - Off-side.
17:03 of 3rd period - Jake Leschyshyn wins face-off versus Matias Maccelli in neutral zone.
17:10 of 3rd period - Slapshot by Pierre-Olivier Joseph.
17:10 of 3rd period - Shot Misses the Net.
17:12 of 3rd period - Slapshot by Sean Walker.
17:12 of 3rd period - Stopped by Arvid Holm with a rebound.
17:14 of 3rd period - Snap shot by Jake Leschyshyn.
17:14 of 3rd period - Stopped by Arvid Holm with a rebound.
17:16 of 3rd period - Slapshot by Pierre-Olivier Joseph.
17:16 of 3rd period - Deflect By Riley Nash.
17:16 of 3rd period - Stopped by Arvid Holm with a rebound.
17:18 of 3rd period - Snap shot by Pierre-Olivier Joseph.
17:18 of 3rd period - Stopped by Arvid Holm without a rebound.
17:19 of 3rd period - Connor Zary wins face-off versus Sheldon Dries in Kelowna Rockets zone.
17:26 of 3rd period - Nicholas Caamano is hit by Quinton Byfield and loses puck.
17:33 of 3rd period - Slapshot by Sheldon Dries.
17:33 of 3rd period - Deflect By Quinton Byfield.
17:33 of 3rd period - Shot Misses the Net.
17:33 of 3rd period - Puck is out of play.
17:34 of 3rd period - Mavrik Bourque wins face-off versus Filip Hallander in Kelowna Rockets zone.
17:36 of 3rd period - Minor Penalty to Lucas Johansen for Tripping.
17:37 of 3rd period - Filip Hallander wins face-off versus Joel Kiviranta in Kelowna Rockets zone.
17:41 of 3rd period - Snap shot by Brendan Brisson.
17:41 of 3rd period - Shot Misses the Net.
17:51 of 3rd period - Wrist shot by Filip Hallander.
17:51 of 3rd period - Goal by Filip Hallander - Toronto St Pats : 3 - Kelowna Rockets : 2.
17:52 of 3rd period - Jake Leschyshyn wins face-off versus Mavrik Bourque in neutral zone.
17:57 of 3rd period - Slapshot by Sean Walker.
17:57 of 3rd period - Shot Misses the Net.
17:59 of 3rd period - Snap shot by Connor Dewar.
17:59 of 3rd period - Deflect By Corey Andonovski.
17:59 of 3rd period - Stopped by Arvid Holm with a rebound.
18:01 of 3rd period - Snap shot by Sean Walker.
18:01 of 3rd period - Stopped by Arvid Holm without a rebound.
18:02 of 3rd period - Mavrik Bourque wins face-off versus Jake Leschyshyn in Kelowna Rockets zone.
18:09 of 3rd period - Snap shot by Connor Dewar.
18:09 of 3rd period - Goal by Connor Dewar - Toronto St Pats : 4 - Kelowna Rockets : 2.
18:10 of 3rd period - Jake Leschyshyn wins face-off versus Riley Nash in neutral zone.
18:30 of 3rd period - Mavrik Bourque is hit by Corey Andonovski and loses puck.
18:47 of 3rd period - Snap shot by Quinton Byfield.
18:47 of 3rd period - Deflect By Riley Damiani.
18:47 of 3rd period - Stopped by Arvid Holm without a rebound.
18:48 of 3rd period - Connor Zary wins face-off versus Sheldon Dries in Kelowna Rockets zone.
18:53 of 3rd period - Snap shot by Connor Zary.
18:53 of 3rd period - Deflect By Roby Jarventie.
18:53 of 3rd period - Stopped by Cal Petersen with a rebound.
19:02 of 3rd period - Off-side.
19:03 of 3rd period - Mavrik Bourque wins face-off versus Corey Andonovski in neutral zone.
19:08 of 3rd period - Slapshot by Riley Nash.
19:08 of 3rd period - Shot Misses the Net.
19:10 of 3rd period - Slapshot by Maxence Guenette.
19:10 of 3rd period - Stopped by Cal Petersen with a rebound.
19:12 of 3rd period - Slapshot by Anttoni Honka.
19:12 of 3rd period - Shot Misses the Net.
19:14 of 3rd period - Slapshot by Mavrik Bourque.
19:14 of 3rd period - Deflect By Matias Maccelli.
19:14 of 3rd period - Stopped by Cal Petersen without a rebound.
19:15 of 3rd period - Jake Leschyshyn wins face-off versus Mavrik Bourque in Toronto St Pats zone.
19:26 of 3rd period - Pierre-Olivier Joseph is hit by Anttoni Honka and loses puck.
19:41 of 3rd period - Connor Zary is hit by Nick Cousins and loses puck.
Goals for this period are 3 for Toronto St Pats vs 2 for Kelowna Rockets.
Shots for this period are 18 for Toronto St Pats vs 14 for Kelowna Rockets.
Back to the Top